FIQ, chaotic female elven Wizard ---------------- |.q............| ..@............| |........u.....| -------+-------- FIQ the Conjurer Experience level: 4 Strength: 12 Dexterity: 11 Constitution: 10 Intelligence: 17 Wisdom: 19 Charisma: 7 Health: 0(32) Energy: 58(63) Def: 1 Gold: 325 Moves: 1788 Dungeon seed: IWOoxBd6G2F8HkUt Game ID: FIQ_1467327351 Your Inventory: Coins $ - 325 gold pieces Weapons a - a blessed +1 quarterstaff m - an uncursed +1 orcish dagger (weapon in hand) Armor e - an uncursed +0 cloak of magic resistance (being worn) Comestibles h - 3 uncursed tripe rations i - 2 uncursed pancakes v - an uncursed egg z - an uncursed sprig of wolfsbane B - an uncursed food ration Scrolls j - a blessed scroll of remove curse Spellbooks c - an uncursed spellbook of wizard lock q - a blessed spellbook of force bolt Potions t - an uncursed potion of fruit juice u - an uncursed potion of object detection Wands d - an uncursed wand of nothing (0:4) n - an uncursed wand of enlightenment (0:13) Tools b - an uncursed bag of holding f - an uncursed tooled horn k - an uncursed skeleton key p - an uncursed +0 pick-axe E - an uncursed pair of lenses Spells and supernatural/magical abilities: Name Level Category Fail Memory a - force bolt 1 attack 0% 92% w - wizard lock 2 matter 61% 92% W - pray for help -- divine ? -- Your skills at the end: Miscellaneous Skills wands [Basic] Weapon Skills quarterstaff [Basic] Spellcasting Skills attack spells [Basic] enchantment spells [Basic] Final Attributes: You were piously aligned. You were sleep resistant. You were magic-protected. You had infravision. You are dead. Vanquished creatures: a shrieker a gnome lord a giant ant a little dog a kitten a dwarf an iguana a wererat a werejackal 2 coyotes a hobbit an acid blob a gecko 3 giant rats a gnome 3 jackals a fox 2 newts 2 goblins 8 sewer rats 3 grid bugs 37 creatures vanquished. Voluntary challenges: You did not adorn yourself with jewelry or accessories. You used a wielded weapon 25 times, starting on turn 118. You did not apply a unicorn horn. You read items or engraved 3 times, starting on turn 1427. You never genocided any monsters. You never polymorphed an object. You never changed form. You used no wishes. You never split a pudding. You never wrote Elbereth's name. You never violated your personal moral code. Dungeon overview: The Dungeons of Doom: levels 1 to 7 Level 1 a fountain a long staircase Level 2 an altar to Ptah Level 3 a general store Level 4 stairs to The Gnomish Mines Level 5 Level 6 an altar to Anhur, a fountain Level 7 <- You were here The Gnomish Mines: Level 5 stairs to The Dungeons of Doom History has recorded: On T:1 you entered the Dungeons of Doom to retrieve the Amulet of Yendor! On T:176 you reached level 2 of The Dungeons of Doom. On T:337 you advanced to experience level 2. On T:570 you reached level 3 of The Dungeons of Doom. On T:981 you reached level 4 of The Dungeons of Doom. On T:999 you advanced to experience level 3. On T:1170 you reached level 1 of The Gnomish Mines. On T:1174 you advanced to experience level 4. On T:1267 you reached level 5 of The Dungeons of Doom. On T:1367 you reached level 6 of The Dungeons of Doom. On T:1740 you reached level 7 of The Dungeons of Doom. Score breakdown: Gold: 325 ( 32 points) Experience: 4 levels ( 300 points) Exploration: 7 levels ( 180 points) Discoveries: 3 items ( 150 points) Variety of kills: 21 monsters ( 1050 points) Major goal: (nothing yet) ( 0 points) Survival: died (score multiplied by 3) Total score: 5136 Latest messages: The pony kicks! The pony bites! The pony kicks! The pony bites! The pony kicks! The pony bites! The pony kicks! The pony bites! The pony devours an uncursed orange. You feel less confused now. i - an uncursed pancake. (2x) You stop exploring. The rothe claws you! The rothe bites! (2x) The spell hits the rothe! The rothe claws you! You die... The bag of holding is empty. The bag of holding is empty. Final status: Goodbye FIQ the Wizard, killed by a rothe... You died in The Dungeons of Doom on dungeon level 7 with 5136 points, and 325 pieces of gold, after 1788 moves. You were level 4 with a maximum of 32 hit points when you died.